 Dungeon Crawl Stone Soup version 0.27.1-36-g1b1ada6b1e (webtiles) character file.

Game seed: 3019678910512899086

88 Froggeryz the Cutter (level 4, -1/49 HPs)
             Began as an Octopode Berserker on Jan 22, 2023.
             Was a Believer of Trog.
             Slain by an ufetubus (5 damage)
             ... on level 3 of the Dungeon.
             The game lasted 00:01:38 (2378 turns).

Froggeryz the Cutter (Octopode Berserker)           Turns: 2378, Time: 00:01:38

Health: -1/49      AC:  1    Str: 16    XL:     4   Next: 53%
Magic:  13/13      EV: 13    Int:  9    God:    Trog [**....]
Gold:   108        SH:  0    Dex: 12    Spells: 3/3 levels left

rFire    . . .     SeeInvis .   a - +0 short sword
rCold    . . .     Faith    .   (no shield)
rNeg     . . .     Spirit   .   (helmet restricted)
rPois    .         Reflect  .   (no amulet)
rElec    .         Harm     .   f - ring of magical power
rCorr    .         Rampage  .   (no ring)
Will     .....                  (no ring)
Stlth    ..........             (no ring)
HPRegen  0.16/turn              (no ring)
MPRegen  0.13/turn              (no ring)
                                (no ring)
                                (no ring)

@: berserking, very quick
A: almost no armour, amphibious, 8 rings, camouflage 1, gelatinous body 1,
(nimble swimmer 1), tentacles
a: Renounce Religion, Berserk, Trog's Hand


You were on level 3 of the Dungeon.
You worshipped Trog.
Trog was pleased with you.
You visited 1 branch of the dungeon, and saw 3 of its levels.

You collected 108 gold pieces.

Inventory:

Hand Weapons
 a - a +0 short sword (weapon)
Missiles
 h - 5 poisoned darts (quivered)
Jewellery
 f - a ring of magical power (left tentacle)
Wands
 b - a wand of polymorph (6)
Scrolls
 c - a scroll of magic mapping
 g - a scroll of fear {unknown}
 j - a scroll of torment {unknown}
Potions
 d - a potion of mutation {unknown}
 e - 2 potions of curing {unknown}
 i - a potion of attraction {unknown}


   Skills:
 + Level 3.6 Fighting
 * Level 4.2 Short Blades
 - Level 3.0 Dodging
 + Level 2.4 Stealth


You had 3 spell levels left.
You didn't know any spells.
Your spell library was empty.

Dungeon Overview and Level Annotations

Branches:
Dungeon (3/15)

Altars:


Innate Abilities, Weirdness & Mutations

You cannot wear most types of armour.
You are amphibious.
You can wear up to eight rings at the same time.
Your skin changes colour to match your surroundings (Stealth+).
Your rubbery body absorbs attacks. (AC +1, EV +1)
((You are camouflaged near water. (Stealth+)))
You have tentacles for arms and can constrict up to eight enemies at once.


Message History

The endoplasm quivers.
Found a stone staircase leading up.
You hit the quokka but do no damage. Your grab misses the quokka.
The quokka closely misses you.
You barely miss the quokka. You grab the quokka. You constrict the quokka.
The quokka bites you.
You hit the quokka.
The quokka is heavily wounded.
You constrict the quokka, but do no damage.
The ufetubus hits you but does no damage.
The ufetubus hits you. The quokka barely misses you.
You hit the quokka.
You kill the quokka!
Trog accepts your kill. The ufetubus barely misses you.
The ufetubus closely misses you. The endoplasm freezes you.
You are frozen.
The ufetubus hits you. x2
You barely miss the ufetubus. Your grab misses the ufetubus.
The endoplasm hits you. The ufetubus barely misses you.
The ufetubus hits you but does no damage.
You are too injured to fight recklessly!
You are too injured to fight recklessly!
You are too injured to fight recklessly!
You are too injured to fight recklessly!
You are too injured to fight recklessly!
You are too injured to fight recklessly!
There are monsters nearby!
You miss the ufetubus. Your grab misses the ufetubus. The ufetubus hits you. x2
The endoplasm freezes you.
You are frozen.
* * * LOW HITPOINT WARNING * * *
A red film seems to cover your vision as you go berserk!
You feel yourself moving faster!
You feel mighty! The ufetubus hits you.
* * * LOW HITPOINT WARNING * * *
The ufetubus barely misses you. The endoplasm freezes you.
You are frozen.
* * * LOW HITPOINT WARNING * * *
The ufetubus hits you.
You die...

#..........#
#..........#
#..........#
#........<.#
#..........#
##........##..
#....5........
#....@.....#
#...J......#
#..........#
#..........#
##........##
##......##
#####..# ...


You could see an ufetubus and an endoplasm.

Vanquished Creatures
  Terence (D:2)
  A gnoll (D:1)
  An adder (D:2)
  7 bats
  2 endoplasms
  A giant cockroach (D:1)
  2 goblins (D:1)
  4 hobgoblins (D:1)
  4 jackals (D:1)
  5 quokkas
  5 ball pythons
  3 frilled lizards (D:1)
  2 kobolds
  4 rats
42 creatures vanquished.

Vanquished Creatures (others)
  A plant (D:2)
1 creature vanquished.

Grand Total: 43 creatures vanquished

Notes
Turn   | Place    | Note
-------+----------+-------------------------------------------
     0 | D:1      | Froggeryz the Octopode Berserker began the quest for the
                  | Orb.
     0 | D:1      | Reached XP level 1. HP: 16/16 MP: 1/1
   339 | D:1      | Reached XP level 2. HP: 11/21 MP: 2/2
   614 | D:1      | Reached skill level 1 in Stealth
   805 | D:1      | Reached XP level 3. HP: 26/26 MP: 3/3
   989 | D:1      | Found a faded altar of an unknown god.
  1087 | D:1      | Reached ** piety under Trog
  1837 | D:2      | Reached skill level 4 in Short Blades
  1837 | D:2      | Reached XP level 4. HP: 24/31 MP: 4/4
  2088 | D:2      | Noticed Terence
  2095 | D:2      | Killed Terence
  2370 | D:2      | You fall into a shaft and drop 1 floor!
  2378 | D:3      | Slain by an ufetubus

Illustrated notes

Levels and vault maps discovered:
D:1:      wander_arrival_fairy_ring, layout_basic,
          hellmonk_ecumenical_altar_lost_god
D:2:      cheibrodos_old_hovel, layout_loops_corners, uniq_terence
D:3:      layout_rooms

Skill      XL: |  1  2  3 |
---------------+----------+-----
Stealth        | 1 2 |  2.4
Short Blades   | 4 |  4.2
Fighting       | |  3.6
Dodging        | |  3.0

Action                   |  1- 3 |  4- 6 || total
-------------------------+-------+-------++-------
Melee: Short sword       |    71 |    12 ||    83
       Tentacles         |    13 |     3 ||    16
       Constrict         |    17 |     3 ||    20
Invok: Berserk           |       |     2 ||     2
  Use: Scroll            |     1 |       ||     1
 Stab: Sleeping          |    11 |     2 ||    13
Armor: Skin              |     7 |     2 ||     9
Dodge: Dodged            |    48 |     7 ||    55
